 Dungeon Crawl Stone Soup version 0.30-a0-168-g0b976cbdc4 (webtiles) character file.

Game seed: 9721652149444144358

255 Sobieck the Chopper (level 5, -1/44 HPs)
             Began as a Palentonga Fighter on Sept 29, 2022.
             Slain by a black bear (2 damage)
             ... on level 4 of the Dungeon.
             The game lasted 00:05:24 (2746 turns).

Sobieck the Chopper (Palentonga Fighter)            Turns: 2746, Time: 00:05:25

Health: -1/44      AC:  7    Str: 23    XL:     5   Next: 91%
Magic:  5/5        EV:  7    Int:  9    God:
Gold:   92         SH:  4    Dex:  9    Spells: 4/4 levels left

rFire   . . .      SeeInvis +    a - +1 war axe {axe}
rCold   . . .      Faith    .    c - +0 buckler
rNeg    . . .      Spirit   .    b - +0 scale mail
rPois   .          Reflect  .    (no helmet)
rElec   .          Harm     .    (no cloak)
rCorr   .          Rampage  .    g - +0 pair of gloves
Will    .....                    (no barding)
Stlth   ..........               (no amulet)
HPRegen 0.14/turn                (no ring)
MPRegen 0.09/turn                (no ring)

@: mighty
A: large, rugged brown scales 3, see invisible, deformed body, roll 1, armoured
tail
a: Rolling Charge


You were on level 4 of the Dungeon.
You visited 1 branch of the dungeon, and saw 4 of its levels.

You collected 92 gold pieces.


Innate Abilities, Weirdness & Mutations

You are completely covered in rugged brown scales. (AC +3, +7% HP)
You have supernaturally acute eyesight. (SInv)
Armour fits poorly on your strangely shaped body.
You can roll at nearby foes to attack.
You have a long armoured tail.


   Skills:
 + Level 4.2 Fighting
 * Level 5.4 Axes
 - Level 2.4 Armour
 - Level 2.6 Shields


You had 4 spell levels left.
You didn't know any spells.
Your spell library contained the following spells:

 Spells                   Type           Power      Damage    Failure   Level
 Blink                    Tloc           0%         N/A       89%         2
 Manifold Assault         Tloc           0%         N/A       100%        4
 Storm Form               Tmut/Air       0%         N/A       100%        7

Inventory:

Hand Weapons
 a - a +1 war axe (weapon) {axe}
 C - a +0 falchion of electrocution {long}
   (You took it off an orc priest on level 3 of the Dungeon)
 L - a +2 dagger of venom {short}
   (You took it off a kobold on level 3 of the Dungeon)
 N - a +4 dagger {short}
   (You took it off an orc on level 3 of the Dungeon)
Missiles
 h - 62 stones {throwing}
 j - 12 poisoned darts {throwing}
 t - 4 javelins {throwing}
 K - 5 boomerangs {throwing}
Armour
 b - a +0 scale mail (worn)
 c - a +0 buckler (worn)
 f - a +0 ring mail
   (You found it on level 1 of the Dungeon)
 g - a +0 pair of gloves (worn)
   (You found it on level 1 of the Dungeon)
 r - a +0 ring mail
   (You found it on level 2 of the Dungeon)
 y - a +0 leather armour
   (You found it on level 3 of the Dungeon)
 B - a +0 leather armour
   (You took it off an orc on level 3 of the Dungeon)
 D - a +0 leather armour
   (You took it off an orc priest on level 3 of the Dungeon)
 E - a +0 animal skin
   (You took it off a kobold on level 3 of the Dungeon)
 F - a +0 animal skin
   (You took it off a goblin on level 3 of the Dungeon)
 G - a +0 animal skin
   (You took it off a kobold on level 3 of the Dungeon)
 H - a +0 animal skin
   (You took it off a kobold on level 3 of the Dungeon)
 I - a +0 animal skin
   (You took it off a hobgoblin on level 3 of the Dungeon)
 J - a +0 animal skin
   (You took it off a kobold on level 3 of the Dungeon)
 O - a +0 scale mail
   (You took it off an orc on level 3 of the Dungeon)
 P - a +0 robe
   (You took it off an orc wizard on level 3 of the Dungeon)
Magical Staves
 Q - a staff of earth {!astaff}
   (You found it on level 3 of the Dungeon)
Jewellery
 m - a +6 ring of strength
   (You found it on level 1 of the Dungeon)
 o - a ring of flight
   (You found it on level 1 of the Dungeon)
Wands
 z - a wand of iceblast (10)
   (You found it on level 3 of the Dungeon)
Scrolls
 e - 2 scrolls of butterflies
 i - 3 scrolls of vulnerability {!r!r}
 k - a scroll of teleportation {unknown}
 n - a scroll of immolation {!r!r}
Potions
 l - a potion of ambrosia
 p - a potion of cancellation
 u - a potion of haste {@q3}
 v - a potion of degeneration {unknown}
 x - a potion of curing {unknown}
 A - a potion of brilliance {unknown}

Dungeon Overview and Level Annotations

Branches:
Dungeon (4/15) Zot: 21187
 Temple: D:4-7

Altars:
Trog

Annotations:
D:2 exclusion: ogre

#< .# #.
#########. # #.
#..P..P....# #.
# #.#.P#PP#PP##≈
#.
#.#≈≈≈≈≈≈≈≈≈≈≈≈≈
#.
#.....J.........
#.
.#.#≈≈≈≈≈≈≈≈≈≈≈≈
#.
#...P#.@#P.#..##
##.
#....h..P.....##
##..
##.#.##........#
##... ##..
##.......# #.#.#
#.######.....##
#....
#.##.....#...##
##### #.#
#.###.##+## .. #
#.##.# ###.#
#.##.#


You could see a black bear (berserk) and an endoplasm.


Message History

You feel forgetful for a moment.
You swap places.
You swap places.
You swap places.
You swap places.
A scorpion comes into view.
Danger!
A scorpion is nearby!
Unknown command.
You barely miss the scorpion. You block the scorpion's attack.
You hit the scorpion but do no damage. You tail-slap the scorpion!
The scorpion stings you.
The scorpion stings you but does no damage.
You hit the scorpion but do no damage.
The scorpion stings you but does no damage.
Unknown command.
You feel your willpower return. The scorpion stings you.
You are poisoned.
The scorpion poisons you! You block the scorpion's attack.
You closely miss the scorpion.
You feel very sick.
Your hobgoblin closely misses the scorpion.
The scorpion stings you but does no damage.
Your hobgoblin closely misses the scorpion.
Unknown command.
You barely miss the scorpion.
You tail-slap the scorpion, but do no damage.
You feel sick. The scorpion stings you.
Your hobgoblin barely misses the scorpion.
The scorpion closely misses you.
Unknown command.
You barely miss the scorpion. You tail-slap the scorpion!
You feel sick.
The scorpion stings you but does no damage.
Your hobgoblin closely misses the scorpion.
Unknown command.
You slash the scorpion!
You kill the scorpion!
You feel sick.
Unknown command.
You start resting.
You feel sick. x3
You are no longer poisoned.
Unknown command.
You start resting.
Your hobgoblin dissolves into shadows!
Your quokka dissolves into shadows!
Your goblin dissolves into shadows!
Unknown command.
Unknown command.
An endoplasm comes into view.
The endoplasm quivers.
You see here a scroll labelled FAHEOT FESUF.
Danger!
k - a scroll labelled FAHEOT FESUF Unknown command.
Unknown command.
No target in view!
Danger!
Unknown command.
A black bear comes into view.
The black bear growls angrily.
The black bear bites you but does no damage.
The black bear barely misses you. The black bear claws you.
Unknown command.
You slash the black bear! You tail-slap the black bear. You slash the plant!
The plant begins to die.
The black bear bites you.
The black bear claws you but does no damage.
The black bear claws you.
Unknown command.
You slash the black bear! You hit the plant.
The black bear goes berserk!
You hit the black bear but do no damage.
Your tail-slap misses the black bear.
You slash the plant! The black bear bites you.
The black bear claws you but does no damage.
The black bear claws you. The black bear closely misses you.
The black bear claws you. x2
* * * LOW HITPOINT WARNING * * *
Unknown command.
Unknown command.
You hit the black bear. You hit the plant.
A nearby plant withers and dies.
You block the black bear's attack.
The black bear claws you but does no damage.
The black bear claws you.
* * * LOW HITPOINT WARNING * * *
You block the black bear's attack. The black bear completely misses you.
The black bear claws you.
* * * LOW HITPOINT WARNING * * *
Unknown command.
You feel very mighty all of a sudden.
The black bear bites you but does no damage.
The black bear claws you.
* * * LOW HITPOINT WARNING * * *
The black bear claws you.
* * * LOW HITPOINT WARNING * * *
Unknown command.
You barely miss the black bear. The black bear bites you!
* * * LOW HITPOINT WARNING * * *
The black bear claws you.
You die...

Skill      XL: |  1  2  3  4  5 |
---------------+----------------+-----
Axes           | 3 4 5 |  5.4
Fighting       | 4 |  4.2
Armour         | |  2.4
Shields        | |  2.6

Action                   |  1- 3 |  4- 6 || total
-------------------------+-------+-------++-------
Melee: War axe           |    80 |   115 ||   195
       Tailslap          |     5 |    10 ||    15
 Abil: Rolling Charge    |    22 |    15 ||    37
  Use: Scroll            |       |    10 ||    10
       Potion            |       |     1 ||     1
Armor: Scale mail        |    34 |    55 ||    89
Dodge: Dodged            |    30 |    32 ||    62
Block: Buckler           |    13 |    32 ||    45

Levels and vault maps discovered:
D:1:      mushboom_english_gardens, layout_basic, minmay_misc_feat_cross
D:2:      layout_basic
D:3:      layout_basic, trog_hazing_becter
D:4:      layout_loops_corners, nicolae_elyvilon_temple_path, serial_shops, shop

Notes
Turn   | Place    | Note
-------+----------+-------------------------------------------
     0 | D:1      | Sobieck the Palentonga Fighter began the quest for the Orb.
     0 | D:1      | Reached XP level 1. HP: 19/19 MP: 1/1
   216 | D:1      | Reached XP level 2. HP: 25/25 MP: 2/2
   659 | D:2      | Reached skill level 3 in Axes
   672 | D:2      | Reached XP level 3. HP: 30/31 MP: 3/3
  1127 | D:2      | Noticed an ogre
  1166 | D:2      | Reached XP level 4. HP: 30/39 MP: 4/4
  1327 | D:2      | You add the spells Blink, Manifold Assault and Storm Form
                  | to your library.
  1466 | D:3      | Reached skill level 4 in Axes
  1547 | D:3      | Reached skill level 4 in Fighting
  1652 | D:3      | Found a bloodstained altar of Trog.
  1671 | D:3      | Reached XP level 5. HP: 44/44 MP: 5/5
  2048 | D:3      | Reached skill level 5 in Axes
  2739 | D:4      | Noticed a black bear
  2745 | D:4      | HP: 11/44 [black bear (5)]
  2746 | D:4      | HP: 1/44 [black bear (9)]
  2746 | D:4      | Slain by a black bear

Vanquished Creatures
  A scorpion (D:4)
  An orc priest (D:3)
  An orc wizard (D:3)
  5 adders
  4 worms
  6 dart slugs
  6 orcs (D:3)
  5 bats
  6 endoplasms
  3 giant cockroaches
  6 goblins
  8 hobgoblins
  3 quokkas (D:2)
  A ball python (D:1)
  A frilled lizard (D:2)
  8 kobolds
  4 rats
69 creatures vanquished.

Vanquished Creatures (others)
  A plant (D:4)
1 creature vanquished.

Grand Total: 70 creatures vanquished

Table legend:
 A = Non-vault XP
 B = Vault XP
 C = Vault XP percentage of total XP
 D = Non-vault monster count
 E = Vault monster count
 F = Vault count percentage of total count
                 A         B        C        D         E       F
            +---------+---------+-------+---------+---------+-------
      Total |     357 |       8 |   2.2 |      63 |       6 |   8.7
            +---------+---------+-------+---------+---------+-------
        D:1 |      32 |       0 |   0.0 |      15 |       0 |   0.0
        D:2 |      74 |       0 |   0.0 |      21 |       0 |   0.0
        D:3 |     168 |       8 |   4.5 |      26 |       6 |  18.8
        D:4 |      83 |       0 |   0.0 |       1 |       0 |   0.0
            +---------+---------+-------+---------+---------+-------

Illustrated notes

Table legend:
 A = Kills in this place as a percentage of kills in entire the game.
 B = Kills by you in this place as a percentage of kills by you in the entire game.
 C = Kills by friends in this place as a percentage of kills by friends in the entire game.
 D = Other kills in this place as a percentage of other kills in the entire game.
 E = Experience gained in this place as a percentage of experience gained in the entire game.
 F = Experience gained in this place divided by the number of levels of this place that you have seen.
                   A       B       C       D       E      F
               +-------+-------+-------+-------+-------+----------------------
         Total | 100.0 | 100.0 |   N/A |   N/A | 100.0 |  91.2
       Dungeon | 100.0 | 100.0 |   N/A |   N/A | 100.0 |  91.2
               +-------+-------+-------+-------+-------+----------------------

Table legend: (Time is in decaauts)
 A = Elapsed time spent in this place.
 B = Non-inter-level travel time spent in this place.
 C = Inter-level travel time spent in this place.
 D = Time resting spent in this place.
 E = Time spent auto-exploring this place.
 F = Levels seen in this place.
 G = Mean time per level.
                   A        B        C        D        E       F      G
               +--------+--------+--------+--------+--------+-----+--------+
         Total |   2811 |   2734 |     77 |    699 |   1585 |   4 |  702.8 |
       Dungeon |   2811 |   2734 |     77 |    699 |   1585 |   4 |  702.8 |
               +--------+--------+--------+--------+--------+-----+--------+

Top non-repeatable levels by time:
     D:3: 1189 daAuts
     D:1: 757 daAuts
     D:2: 609 daAuts
     D:4: 254 daAuts
